 Dungeon Crawl Stone Soup version 0.20.0 (webtiles) character file.

249 Danakh the Chopper (level 5, 0/41 HPs)
             Began as a Demonspawn Fighter on May 29, 2017.
             Succumbed to a kobold's poison
             ... on level 3 of the Dungeon.
             The game lasted 00:07:23 (1800 turns).

Danakh the Chopper (Demonspawn Fighter)             Turns: 1800, Time: 00:07:24

Health: 0/41       AC: 14    Str: 18    XL:     5   Next: 87%
Magic:  14/14      EV:  5    Int:  9    God:
Gold:   141        SH:  9    Dex: 12    Spells: 4/4 levels left

rFire    + . .     SeeInvis .   a - +0 war axe
rCold    . . .     Gourm    .   c - +0 shield
rNeg     . . .     Faith    .   y - +0 chain mail
rPois    .         Spirit   .   z - +0 helmet
rElec    .         Reflect  .   v - +0 cloak
rCorr    +         Harm     .   E - +0 pair of gloves
MR       .....                  (no boots)
Stlth    ..........             (no amulet)
Regen    0.2/turn               j - ring of resist corrosion
MPRegen  0.2/turn               g - ring of magical power

@: lethally poisoned (0 -> -39)
A: hooves 1, molten scales 1, fire resistance 1, flame cloud immunity
a: no special abilities


You were on level 3 of the Dungeon.
You were not hungry.

You visited 1 branch of the dungeon, and saw 3 of its levels.

You collected 141 gold pieces.

Inventory:

Hand Weapons
 a - a +0 war axe (weapon)
Armour
 b - a +0 scale mail
 c - a +0 shield (worn)
 v - a +0 cloak (worn)
 y - a +0 chain mail (worn)
 z - a +0 helmet (worn)
 E - a +0 pair of gloves (worn)
Jewellery
 g - a ring of magical power (right hand)
 j - a ring of resist corrosion (left hand)
Wands
 D - a wand of paralysis (7/24)
Scrolls
 e - a scroll of magic mapping {unknown}
 h - a scroll of teleportation {unknown}
 i - a scroll of amnesia {unknown}
 k - a scroll of fear {unknown}
 l - 2 scrolls of identify {unknown}
 o - a scroll of remove curse {unknown}
 s - a scroll of immolation {unknown}
 x - a scroll of enchant armour {unknown}
 F - 2 scrolls of blinking {unknown}
Potions
 d - 2 potions of might
 m - a potion of degeneration {unknown}
 n - 3 potions of invisibility {unknown}
 q - a potion of cancellation {unknown}
 r - 4 potions of mutation {unknown}
 t - a potion of curing {unknown}
 u - a potion of magic {unknown}
 B - a potion of heal wounds {unknown}
Comestibles
 f - 4 bread rations
 p - 2 royal jellies
 w - a meat ration
 A - 2 chunks of flesh
 C - 4 fruits


   Skills:
 + Level 3.5 Fighting
 * Level 4.0 Axes
 + Level 3.6 Armour
 + Level 3.6 Shields


You had 4 spell levels left.
You didn't know any spells.

Dungeon Overview and Level Annotations

Branches:
Dungeon (3/15)

Altars:
Cheibriados
Dithmenos
Fedhas
Hepliaklqana
Qazlal


Innate Abilities, Weirdness & Mutations

You have large cloven feet.
You are partially covered in molten scales. (AC +2)
Your flesh is heat resistant. (rF+)
You are immune to clouds of flame.


Message History

You slash the gnoll!
The gnoll is severely wounded.
You closely miss the gnoll.
* * * LOW HITPOINT WARNING * * *
You feel very sick. You block the gnoll's attack.
The kobold shoots a poisoned needle.
The poisoned needle hits you!
You are more poisoned.
You block the gnoll's attack. x2; The kobold shoots a poisoned needle.
The poisoned needle barely misses you.
* * * LOW HITPOINT WARNING * * *
You feel very sick. The gnoll barely misses you.
The gnoll hits you from afar with a halberd.
* * * LOW HITPOINT WARNING * * *
The kobold shoots a poisoned needle.
The poisoned needle hits you.
You are more poisoned.
There is an open door, spattered with blood here.
You see here 9 poisoned needles.
You die...

.#######+#######.#.##..#
.# .......$...#...##..#
.# ...........#.####..#
.# ............#. #..#
.# .....#.....K######..#
.#....≈≈.≈≈..gg#.(....##
.#....≈...≈...(#...##.#
.)...#..#[.#..†(....#.#
.#....≈.$.≈....#@.....#
.#....≈≈.≈≈....#......#
.#
.....#...K..#........#
## ........#....[...#
........#........#
........#.....####
+#######...$.. ........


You could see 2 gnolls.

Vanquished Creatures
  A necrophage (D:3)
  Jessica (D:2)
  Robin (D:2)
  2 gnolls (D:3)
  2 adders
  2 oozes (D:3)
  2 worms (D:3)
  3 dart slugs
  2 orcs (D:3)
  A bat (D:2)
  4 giant cockroaches
  10 goblins
  9 hobgoblins
  8 jackals (D:2)
  5 kobolds
  6 frilled lizards
  4 rats
63 creatures vanquished.

Notes
Turn   | Place    | Note
-------+----------+-------------------------------------------
     0 | D:1      | Danakh the Demonspawn Fighter began the quest for the Orb.
     0 | D:1      | Reached XP level 1. HP: 18/18 MP: 1/1
    46 | D:1      | Reached skill level 2 in Axes
    94 | D:1      | Gained mutation: Your flesh is heat resistant. (rF+) [demonic ancestry]
    94 | D:1      | Reached XP level 2. HP: 21/24 MP: 2/2
   724 | D:2      | Gained mutation: You are partially covered in molten scales. (AC +2) [demonic ancestry]
   724 | D:2      | Reached XP level 3. HP: 29/29 MP: 3/3
   735 | D:2      | Noticed Jessica
   932 | D:2      | Killed Jessica
   981 | D:2      | Gained mutation: You are immune to clouds of flame. [demonic ancestry]
   981 | D:2      | Reached XP level 4. HP: 35/35 MP: 4/4
  1186 | D:2      | Reached skill level 3 in Axes
  1187 | D:2      | Noticed Robin
  1219 | D:2      | Killed Robin
  1405 | D:3      | Found a snail-covered altar of Cheibriados.
  1407 | D:3      | Found a hazy altar of Hepliaklqana.
  1408 | D:3      | Found a shadowy altar of Dithmenos.
  1453 | D:3      | Found a stormy altar of Qazlal.
  1506 | D:3      | Found a blossoming altar of Fedhas.
  1563 | D:3      | Noticed a necrophage
  1587 | D:3      | Killed a necrophage
  1587 | D:3      | Gained mutation: You have large cloven feet. [demonic ancestry]
  1587 | D:3      | Reached XP level 5. HP: 15/41 MP: 5/5
  1793 | D:3      | Reached skill level 4 in Axes
  1800 | D:3      | Succumbed to a kobold's poison

Skill      XL: |  1  2  3  4  5 |
---------------+----------------+-----
Axes           | 2 3 4 |  4.0
Shields        | 3 |  3.6
Armour         | 3 |  3.6
Fighting       | |  3.5

Action                   |  1- 3 |  4- 6 || total
-------------------------+-------+-------++-------
Melee: War axe           |    78 |   132 ||   210
       Kick              |       |    12 ||    12
  Eat: Chunk             |       |     3 ||     3
Armor: Scale mail        |    56 |     6 ||    62
       Chain mail        |       |    81 ||    81
Dodge: Dodged            |    28 |    27 ||    55
Block: Shield            |    44 |    85 ||   129
